 Dungeon Crawl Stone Soup version 0.15-a0-1403-g2cecdf4 (webtiles) character file.

143463 Quh the Eclecticist (level 16, -2/106 HPs)
             Began as a Demonspawn Wizard on June 9, 2014.
             Was the Champion of Sif Muna.
             Slain by a deep troll (12 damage)
             ... on Level 2 of the Depths on June 11, 2014.
             The game lasted 06:27:07 (54043 turns).

Quh the Eclecticist (Demonspawn Wizard)            Turns: 54043, Time: 06:27:07

HP  -2/106       AC 11     Str  9      XL: 16   Next: 82%
MP   0/54        EV 16     Int 25      God: Sif Muna [******]
Gold 2241        SH  0     Dex 12      Spells: 11 memorised, 12 levels left

rFire  + . .     SeeInvis +     b - staff of power
rCold  x . .     Clarity  .     u - +2 robe {Archmagi}
rNeg   . . .     rCorr    .     (no shield)
rPois  .         rRot     .     (helmet unavailable)
rElec  .         Spirit   +     v - +1 cloak
SustAb .         Warding  .     s - +1 pair of gloves
rMut   .         Stasis   .     n - +2 pair of boots
Gourm  .                        (no amulet)
MR     +....                    P - ring of teleport control
                                O - ring of fire

@: very slightly contaminated, repel missiles, somewhat resistant to hostile
enchantments, fairly stealthy
A: antennae 3, repulsion field 3, powered by pain 3, magic shield
a: Channel Energy, Forget Spell, Renounce Religion, Evoke Teleport Control


You were on level 2 of the Depths.
You worshipped Sif Muna.
Sif Muna was exalted by your worship.
You were not hungry.

You visited 5 branches of the dungeon, and saw 30 of its levels.

You collected 2772 gold pieces.
You spent 531 gold pieces at shops.

Inventory:

Hand weapons
 a - the +7,+2 quarterstaff of Defiance {pain, rC+}
   (You found it on level 5 of the Dungeon)

   In the hands of one skilled in necromantic magic, it inflicts extra damage on
   living creatures.
   It protects you from cold.
Armour
 k - an ice dragon hide
 n - a +2 pair of boots (worn)
 s - a +1 pair of gloves (worn)
 u - a +2 robe of the Archmagi (worn)
 v - a +1 cloak (worn)
Magical devices
 c - a wand of flame (5)
 f - a wand of confusion (13)
 g - a wand of teleportation (3)
 A - a wand of fireball (3)
 D - a wand of frost (4)
 N - a wand of fireball (5)
 U - a wand of cold (5)
 W - a wand of paralysis (8)
Comestibles
 d - 3 bread rations
 q - 8 royal jellies
Scrolls
 e - 6 scrolls of teleportation
 l - 12 scrolls of remove curse
 t - 3 scrolls of magic mapping
 y - 2 scrolls of fear
 H - a scroll of identify
 I - a scroll of blinking
Jewellery
 m - a +4 ring of evasion
 r - an uncursed ring of protection from magic
 w - an uncursed ring of protection from fire
 O - a ring of fire (left hand)
 P - a ring of teleport control (right hand)
 V - an uncursed ring of protection from fire
Potions
 h - 13 potions of curing
 o - 2 potions of heal wounds
 p - 2 potions of resistance
 x - a potion of haste
 z - a potion of restore abilities
 B - a potion of flight
 G - 2 potions of invisibility
 J - a potion of might
 T - a potion of brilliance
Books
 i - Choan's Almanac of Creation
   (Sif Muna gifted it to you on level 1 of the Orcish Mines)

   Spells                             Type                      Level
   Summon Butterflies                 Summoning                    1
   Abjuration                         Summoning                    3
   Recall                             Summoning/Translocation      3
   *Shadow Creatures                  Summoning                    5
   Summon Horrible Things             Summoning                    8
 j - Sif Muna's Collected Works on Blistering Confrontation
   (Sif Muna gifted it to you on level 1 of the Depths)

   Spells                             Type                      Level
   Flame Tongue                       Conjuration/Fire             1
   Conjure Flame                      Conjuration/Fire             3
   Inner Flame                        Hexes/Fire                   3
   Poison Arrow                       Conjuration/Poison           6
   Orb of Destruction                 Conjuration                  7
 C - Sif Muna's Incunabulum of Confrontation
   (Sif Muna gifted it to you on level 8 of the Lair of Beasts)

   Spells                             Type                      Level
   Flame Tongue                       Conjuration/Fire             1
   Throw Frost                        Conjuration/Ice              2
   Static Discharge                   Conjuration/Air              3
   Bolt of Cold                       Conjuration/Ice              6
   Chain Lightning                    Conjuration/Air              8
 E - Fonudyh's Catalogue of Creation
   (Sif Muna gifted it to you on level 4 of the Orcish Mines)

   Spells                             Type                      Level
   Summon Small Mammal                Summoning                    1
   Call Canine Familiar               Summoning                    3
   Summon Mana Viper                  Hexes/Summoning              5
   Summon Demon                       Summoning                    5
   Forceful Dismissal                 Summoning                    6
 F - Sif Muna's Papyrus of Flamy Arcane Weapons
   (Sif Muna gifted it to you on level 8 of the Lair of Beasts)

   Spells                             Type                      Level
   Flame Tongue                       Conjuration/Fire             1
   Shock                              Conjuration/Air              1
   Throw Flame                        Conjuration/Fire             2
   Iskenderun's Mystic Blast          Conjuration                  4
   Fulminant Prism                    Conjuration/Hexes            4
   *Delayed Fireball                  Conjuration/Fire             7
 L - a book of Wizardry

   Spells                             Type                      Level
   Agony                              Necromancy                   5
   Force Lance                        Conjuration                  5
   Dispersal                          Translocation                6
   Haste                              Charms                       6
   Invisibility                       Hexes                        6
   Spellforged Servitor               Conjuration/Summoning        7
 M - a book of Battle

   Spells                             Type                      Level
   Infusion                           Charms                       1
   Shroud of Golubria                 Charms/Translocation         2
   Song of Slaying                    Charms                       2
   Spectral Weapon                    Hexes/Charms                 3
   Regeneration                       Charms/Necromancy            3
 Q - a book of Flames

   Spells                             Type                      Level
   Flame Tongue                       Conjuration/Fire             1
   Throw Flame                        Conjuration/Fire             2
   Conjure Flame                      Conjuration/Fire             3
   Inner Flame                        Hexes/Fire                   3
   *Sticky Flame                      Conjuration/Fire             4
   *Fireball                          Conjuration/Fire             5
 R - Sif Muna's Volume of the Compass
   (Sif Muna gifted it to you on level 2 of the Lair of Beasts)

   Spells                             Type                      Level
   Apportation                        Translocation                1
   Portal Projectile                  Translocation                3
   Teleport Other                     Translocation                3
 S - Sif Muna's Guide on Blistering Attacks
   (Sif Muna gifted it to you on level 5 of the Lair of Beasts)

   Spells                             Type                      Level
   Throw Flame                        Conjuration/Fire             2
   *Sticky Flame                      Conjuration/Fire             4
   *Fireball                          Conjuration/Fire             5
 X - Sif Muna's Compendium of Conjuration
   (Sif Muna gifted it to you on level 8 of the Dungeon)

   Spells                             Type                      Level
   Shock                              Conjuration/Air              1
   Searing Ray                        Conjuration                  2
   Iskenderun's Mystic Blast          Conjuration                  4
   Force Lance                        Conjuration                  5
   Orb of Destruction                 Conjuration                  7
 Y - Sif Muna's Grimoire of Calling
   (Sif Muna gifted it to you on level 3 of the Lair of Beasts)

   Spells                             Type                      Level
   Summon Butterflies                 Summoning                    1
   Summon Lightning Spire             Summoning/Air                4
   *Shadow Creatures                  Summoning                    5
   Aura of Abjuration                 Summoning                    6
 Z - a book of Cantrips

   Spells                             Type                      Level
   Corona                             Hexes                        1
   Animate Skeleton                   Necromancy                   1
   Summon Small Mammal                Summoning                    1
   Apportation                        Translocation                1
Magical staves
 b - an uncursed staff of power (weapon)
Miscellaneous
 K - a crystal ball of energy


   Skills:
 * Level 3.9 Fighting
 - Level 1.8 Dodging
 * Level 4.6 Stealth
 * Level 15.8 Spellcasting
 - Level 13.1 Conjurations
 * Level 15.2 Summonings
 - Level 2.3 Translocations
 - Level 11.0 Fire Magic
 - Level 1.9 Air Magic
 - Level 2.0 Poison Magic
 * Level 7.5 Evocations


You had 12 spell levels left.
You knew the following spells:

 Your Spells              Type           Power        Failure   Level  Hunger
a - Magic Dart            Conj           ####         0%          1    None
b - Blink                 Tloc           N/A          1%          2    None
c - Call Imp              Summ           #######.     0%          2    None
d - Repel Missiles        Chrm/Air       #####.       3%          2    None
e - Mephitic Cloud        Conj/Pois/Air  ######..     1%          3    None
g - Bolt of Fire          Conj/Fire      ########..   2%          6    ####...
h - Cure Poison           Pois           #####.....   1%          2    None
i - Shadow Creatures      Summ           N/A          1%          5    None
j - Fireball              Conj/Fire      ########..   1%          5    None
k - Delayed Fireball      Conj/Fire      N/A          17%         7    ######.
l - Sticky Flame          Conj/Fire      ########     1%          4    None


Dungeon Overview and Level Annotations

Branches:
Dungeon (15/15)            Temple (1/1) D:7             Orc (4/4) D:11
    Elf (0/3) Orc:3          Lair (8/8) D:9           Swamp (0/5) Lair:6
 Spider (0/5) Lair:4        Slime (0/6) Lair:8       Vaults (0/5) D:14
 Depths (2/5) D:15

Altars:
Ashenzari
Cheibriados
Dithmenos
Elyvilon
Fedhas
Gozag
Kikubaaqudgha
Makhleb
Nemelex Xobeh
Okawaru
Qazlal
Sif Muna
Trog
Vehumet
Xom
Yredelemnul
Zin
The Shining One

Shops:
D:5 *   D:13 !   D:14 ?   Orc:2 }   Orc:4 :*[(

Portals:
Hell: Depths:1
Pandemonium: Depths:1
Ziggurat: Depths:1

Annotations:
D:5 exclusion: statue
D:7 Herrn's ghost, experienced MiFi
Orc:3 exclusion: silver statue
Lair:8 exclusion: oklob plant


Innate Abilities, Weirdness & Mutations

You have a pair of large antennae on your head (SInv).
You are surrounded by a strong repulsion field (EV +4, rMsl).
You are powered by pain.
When hurt, damage is shared between your health and your magic reserves.


Message History

Aiming: Delayed Fireball
Press: ? - help, Shift-Dir - straight line, p - dire elephant The fireball explodes!
The fireball engulfs the dire elephant.
You kill the dire elephant!
The fireball engulfs the ettin.
The ettin is severely wounded.
A boggart comes into view.
Found 34 gold pieces.
Drink which item? (? for menu, Esc to quit)
Okay, then.
Read which item? (? for menu, Esc to quit)
Blink to where?
Press: ? - help, Dir - move target cursor
As you read the scroll of blinking, it crumbles to dust.
You are very lightly contaminated with residual magic.
The boggart gestures wildly while chanting.
The boggart blinks!
The deep troll bites you!!
* * * LOW HITPOINT WARNING * * *
The deep troll claws you!
You die...

#....§......#
#..%T.......#
#....?####..?.
##..T.## #...
##....##$....
#.§Cg.......
#......T....
####T........
#@........
#.........
######... .


You could see an ettin, 2 deep trolls, a deep troll earth mage, a deep troll
shaman and a boggart.

Vanquished Creatures
  A sphinx (Depths:1)
  Rupert (D:14)
  2 frost giants
  Donald (Orc:3)
  2 orc warlords
  5 stone giants
  5 dire elephants
  2 ettins (Depths:1)
  A minotaur (Depths:1)
  3 vault guards (D:14)
  2 yaktaur captains (D:12)
  2 great orbs of eyes (Depths:1)
  Fannar (Lair:2)
  Harold (D:12)
  2 ice dragons (Depths:1)
  2 rakshasas
  8 hydras
  4 death yaks (Lair:8)
  3 deep troll earth magi
  A deep troll shaman (Depths:1)
  4 ogre magi
  4 tengu warriors (Depths:1)
  10 centaur warriors
  4 orc high priests
  A vampire mage (D:15)
  3 very ugly things (Depths:1)
  A skeletal warrior (D:15)
  3 unseen horrors
  A giant orange brain (Depths:1)
  11 hill giants
  7 deep trolls
  A necromancer (D:15)
  2 wizards (D:15)
  A phantasmal warrior (D:12)
  5 orc knights
  2 manticores
  2 orc sorcerers
  3 cyclopes
  3 griffons
  A stone giant zombie (D:15)
  5 elephants
  Maurice (D:11)
  5 black mambas
  17 spiny frogs
  4 gargoyles
  A feature mimic (Orc:4)
  A death yak zombie (D:15)
  5 komodo dragons
  2 yaktaurs
  2 polar bears
  4 trolls
  5 giant leeches
  A queen bee (D:8)
  Sonja (D:10)
  3 two-headed ogres (Depths:1)
  A tengu conjurer (D:14)
  9 slime creatures
  4 boulder beetles (Depths:1)
  2 hydra skeletons
  5 ravens
  18 blink frogs
  2 vampires
  2 basilisks
  10 wyverns
  50 yaks
  2 deep elf magi (D:9)
  A trapdoor spider (D:13)
  A shadow (D:12)
  A human (D:14)
  Eustachio (Orc:2)
  A hungry ghost (D:9)
  8 sharks
  Grum (Orc:3)
  9 ugly things
  15 hippogriffs
  A wraith (D:12)
  13 wolves
  2 hill giant skeletons
  3 vampire mosquitoes (Lair:8)
  2 swamp worms (Lair:6)
  Edmund (D:8)
  5 wargs
  A steam dragon (D:11)
  15 water moccasins
  2 soldier ants
  13 porcupines
  39 orc warriors
  5 sky beasts
  A mottled dragon (D:15)
  2 yellow wasps
  5 spiders (Lair:4)
  8 ogres
  3 black bears
  2 necrophages (D:12)
  4 phantoms
  18 centaurs
  A hill giant simulacrum (D:14)
  Sigmund (D:6)
  5 crocodiles
  2 yaktaur zombies (D:12)
  2 big kobolds
  2 cyclops zombies
  5 brain worms
  40 giant frogs
  7 scorpions
  19 killer bees
  9 wights
  An eye of draining (D:13)
  2 troll skeletons
  8 electric eels (Lair:8)
  6 big fish
  2 giant frog zombies (D:12)
  19 hounds
  25 orc priests
  6 goliath beetles
  9 crimson imps
  A basilisk zombie (D:12)
  An elf zombie (D:10)
  2 quasits
  A soldier ant zombie (D:12)
  7 jellies
  6 iguanas
  42 orc wizards
  10 worker ants
  29 sheep
  A mottled dragon zombie (D:11)
  A mottled dragon skeleton (D:13)
  A hound skeleton (D:6)
  A mummy (D:12)
  A worker ant zombie (D:5)
  2 gnolls
  14 adders
  35 green rats
  3 orc zombies
  2 big fish zombies (D:4)
  An orc skeleton (D:6)
  A gnoll skeleton (D:5)
  2 giant mites
  2 shadow imps
  A worm (D:3)
  6 white imps
  An ooze (D:5)
  159 orcs
  3 ball pythons
  9 bats
  7 giant cockroaches
  20 goblins
  17 hobgoblins
  12 jackals
  13 quokkas
  2 giant geckos
  3 giant newts
  4 giant spores
  A jackal skeleton (D:8)
  28 kobolds
  A kobold skeleton (D:4)
  24 rats
  A rat zombie (D:6)
  16 ballistomycetes
  A bush (Lair:8)
  7 fungi
  3 plants
1139 creatures vanquished.

Vanquished Creatures (collateral kills)
  A tengu reaver (Depths:1)
  2 fire dragons (Depths:1)
  A death yak (Lair:8)
  Nergalle (Lair:8)
  A skeletal warrior (D:15)
  A giant orange brain (Depths:1)
  4 elephants (Lair:8)
  4 spiny frogs
  A komodo dragon (Lair:7)
  A fire drake (shapeshifter) (D:15)
  A yaktaur (Depths:1)
  A giant leech (Lair:8)
  A two-headed ogre (Depths:1)
  A fire dragon zombie (D:15)
  6 blink frogs
  11 yaks
  A fire dragon skeleton (D:15)
  A shark (Orc:3)
  A wyvern (Lair:6)
  3 hippogriffs
  Menkaure (D:4)
  5 water moccasins
  A spider (Lair:4)
  A sky beast (D:8)
  6 ogres
  A centaur (D:15)
  A crocodile (Lair:4)
  A big kobold (D:8)
  4 giant frogs
  A scorpion (D:5)
  5 killer bees (D:8)
  A pulsating lump (Lair:8)
  2 orc priests
  A jelly (D:8)
  A goliath beetle (Lair:4)
  A giant frog skeleton (D:9)
  An iguana (Lair:3)
  A hound (D:8)
  2 orc wizards (Orc:3)
  3 worker ants
  Ijyb (D:4)
  6 green rats
  4 gnolls (D:4)
  3 adders
  4 shadow imps
  2 giant mites
  A worm (D:2)
  An iguana zombie (D:6)
  An ooze (D:1)
  17 orcs
  3 giant cockroaches
  2 goblins (Orc:3)
  2 hobgoblins
  7 jackals
  3 kobolds (D:8)
  A bat (D:8)
  A giant newt (D:3)
  An orc zombie (D:5)
  3 rats
147 creatures vanquished.

Vanquished Creatures (others)
  A stone giant (Depths:1)
  2 ogre magi (Depths:1)
  A centaur warrior (Depths:1)
  A hill giant (Depths:1)
  2 spiny frogs (Lair:8)
  2 polar bears (Lair:8)
  A troll (D:15)
  A blink frog (Lair:5)
  A two-headed ogre (Depths:1)
  A slime creature (D:12)
  An ugly thing (Depths:1)
  A yak (Lair:8)
  4 water moccasins
  A warg (Orc:3)
  3 ogres (Depths:1)
  A crocodile (Lair:6)
  A boring beetle (Lair:6)
  2 giant frogs (Lair:3)
  35 crimson imps
  7 iron imps
  An orange rat (Lair:5)
  2 orc wizards (Orc:3)
  5 sheep (Lair:8)
  2 adders (Lair:8)
  20 shadow imps
  19 white imps
  9 orcs
  2 goblins (Orc:3)
  3 giant spores
  15 fungi
  17 plants
164 creatures vanquished.

Grand Total: 1450 creatures vanquished

Notes
Turn   | Place    | Note
--------------------------------------------------------------
     0 | D:1      | Quh, the Demonspawn Wizard, began the quest for the Orb.
     0 | D:1      | Reached XP level 1. HP: 13/13 MP: 4/4
   608 | D:1      | Gained mutation: You have a pair of small antennae on your head. [demonic ancestry]
   608 | D:1      | Reached XP level 2. HP: 19/19 MP: 4/6
   612 | D:1      | Learned a level 2 spell: Blink
   615 | D:1      | Learned a level 2 spell: Call Imp
   618 | D:1      | Learned a level 2 spell: Repel Missiles
   657 | D:1      | Reached skill level 1 in Translocations
  1185 | D:1      | Gained mutation: You sometimes gain a little power by taking damage. [demonic ancestry]
  1185 | D:1      | Reached XP level 3. HP: 24/24 MP: 0/7
  2497 | D:3      | Gained mutation: When hurt, damage is shared between your health and your magic reserves. [demonic ancestry]
  2497 | D:3      | Reached XP level 4. HP: 28/30 MP: 2/9
  3332 | D:3      | Found a deep blue altar of Sif Muna.
  3335 | D:3      | Became a worshipper of Sif Muna the Loreminder
  3881 | D:4      | Noticed Ijyb
  3903 | D:4      | Noticed Menkaure
  3922 | D:3      | Gained mutation: You sometimes gain power by taking damage. [demonic ancestry]
  3922 | D:3      | Reached XP level 5. HP: 28/35 MP: 1/11
  4002 | D:3      | Learned a level 3 spell: Mephitic Cloud
  4023 | D:4      | Killed Menkaure
  4023 | D:4      | Reached skill level 1 in Air Magic
  4023 | D:4      | Reached skill level 1 in Poison Magic
  4391 | D:4      | Reached XP level 6. HP: 41/41 MP: 10/13
  4438 | D:4      | Noticed an ogre
  4444 | D:4      | Killed an ogre
  4444 | D:4      | Acquired Sif Muna's first power
  4694 | D:4      | Reached skill level 4 in Conjurations
  4845 | D:4      | Found a basalt altar of Yredelemnul.
  4878 | D:4      | Found a stormy altar of Qazlal.
  4879 | D:4      | Found an ancient bone altar of Kikubaaqudgha.
  5016 | D:4      | Killed Ijyb
  5213 | D:4      | Noticed an ogre
  5221 | D:4      | Killed an ogre
  5553 | D:5      | Entered Level 5 of the Dungeon
  5623 | D:5      | Got a dazzling quarterstaff
  5624 | D:5      | Identified the +7,+2 quarterstaff of Defiance {pain, rC+} (You found it on level 5 of the Dungeon)
  5732 | D:5      | Found a radiant altar of Vehumet.
  5792 | D:5      | Reached XP level 7. HP: 46/46 MP: 10/17
  6122 | D:5      | Found Klaaner's Assorted Antiques.
  6146 | D:5      | Reached skill level 5 in Conjurations
  6296 | D:5      | Acquired Sif Muna's second power
  6314 | D:5      | Reached skill level 5 in Spellcasting
  6319 | D:5      | Learned a level 3 spell: Conjure Flame
  6602 | D:5      | Found a glowing silver altar of Zin.
  6671 | D:5      | Reached skill level 1 in Fire Magic
  7377 | D:6      | Gained mutation: You have a pair of antennae on your head. [demonic ancestry]
  7377 | D:6      | Reached XP level 8. HP: 52/52 MP: 13/20
  8069 | D:6      | Noticed Sigmund
  8101 | D:6      | Killed Sigmund
  8549 | D:7      | Noticed Herrn's ghost (experienced MiFi)
  8574 | D:6      | Reached skill level 6 in Conjurations
  8759 | D:7      | Got an ancient flail
  8874 | D:7      | Learned a level 6 spell: Bolt of Fire
  9262 | D:8      | Got a polished quarterstaff
  9263 | D:8      | Noticed Edmund
  9463 | D:7      | Found a staircase to the Ecumenical Temple.
  9523 | D:6      | Reached skill level 7 in Conjurations
  9984 | Temple   | Entered the Ecumenical Temple
  9998 | Temple   | Identified the +1,+7 flail "Pnoonowu" {freeze, Int+3} (You found it on level 7 of the Dungeon)
  9999 | Temple   | Identified the cursed +1,-1 quarterstaff "Quox" {flame, Dex+1} (You found it on level 8 of the Dungeon)
 10067 | Temple   | Upgraded the game from 0.15-a0-1363-g87d8b17 to 0.15-a0-1387-gd422dff
 10422 | D:8      | Gained mutation: You are surrounded by a mild repulsion field (EV +2). [demonic ancestry]
 10422 | D:8      | Reached XP level 9. HP: 57/57 MP: 6/22
 10586 | D:8      | Acquired Sif Muna's third power
 10907 | D:8      | Reached skill level 5 in Fire Magic
 11037 | D:8      | Killed Edmund
 11037 | D:8      | Reached skill level 8 in Conjurations
 11383 | D:8      | Noticed a queen bee
 11652 | D:8      | Noticed a troll
 12241 | D:8      | Reached skill level 9 in Conjurations
 12438 | D:8      | Killed a queen bee
 12938 | D:8      | Reached XP level 10. HP: 63/63 MP: 12/23
 13653 | D:9      | Found a deep blue altar of Sif Muna.
 13669 | D:9      | Found a staircase to the Lair.
 13921 | D:9      | Reached skill level 10 in Conjurations
 14999 | D:8      | Received a gift from Sif Muna
 15002 | D:8      | Identified Sif Muna's Compendium of Conjuration (Sif Muna gifted it to you on level 8 of the Dungeon)
 16331 | D:10     | Entered Level 10 of the Dungeon
 17350 | Lair:1   | Entered Level 1 of the Lair of Beasts
 18478 | Lair:2   | Noticed a seven-headed hydra
 18484 | Lair:2   | Noticed Fannar
 18511 | Lair:2   | Noticed a four-headed hydra
 18575 | Lair:1   | HP: 3/63 [poisoned by a water moccasin]
 18582 | Lair:1   | HP: 3/63 [poisoned by a water moccasin]
 18997 | Lair:2   | Reached skill level 11 in Conjurations
 19130 | Lair:2   | Learned a level 2 spell: Cure Poison
 19441 | Lair:2   | Killed Fannar
 19441 | Lair:2   | Reached XP level 11. HP: 68/68 MP: 26/26
 19727 | Lair:2   | Received a gift from Sif Muna
 19728 | Lair:2   | Identified Sif Muna's Volume of the Compass (Sif Muna gifted it to you on level 2 of the Lair of Beasts)
 19959 | Lair:2   | Killed a four-headed hydra
 21729 | Lair:3   | Reached skill level 12 in Conjurations
 21766 | Lair:3   | Received a gift from Sif Muna
 21770 | Lair:3   | Reached skill level 10 in Fire Magic
 21771 | Lair:3   | Identified Sif Muna's Grimoire of Calling (Sif Muna gifted it to you on level 3 of the Lair of Beasts)
 22215 | Lair:4   | Found a labyrinth entrance.
 22227 | Lair:4   | Killed a seven-headed hydra
 22731 | Lair:4   | Found a snail-covered altar of Cheibriados.
 22741 | Lair:4   | Gained mutation: You are surrounded by a moderate repulsion field (EV +3). [demonic ancestry]
 22741 | Lair:4   | Reached XP level 12. HP: 74/74 MP: 3/29
 22919 | Lair:4   | Learned a level 5 spell: Shadow Creatures
 23143 | Lair:4   | Found a hole to the Spider Nest.
 23565 | Lair:4   | Reached skill level 5 in Summonings
 23869 | Lair:4   | Noticed a five-headed hydra
 23873 | Lair:4   | Killed a five-headed hydra
 24837 | Lair:5   | Reached skill level 10 in Spellcasting
 25282 | Lair:5   | Received a gift from Sif Muna
 25283 | Lair:5   | Identified Sif Muna's Guide on Blistering Attacks (Sif Muna gifted it to you on level 5 of the Lair of Beasts)
 25369 | Lair:6   | Noticed a six-headed hydra
 25375 | Lair:6   | Killed a six-headed hydra
 25665 | Lair:1   | Learned a level 5 spell: Fireball
 27325 | Lair:6   | Found a staircase to the Swamp.
 28264 | Lair:6   | Gained mutation: You are surrounded by a strong repulsion field (EV +4, rMsl). [demonic ancestry]
 28264 | Lair:6   | Reached XP level 13. HP: 49/79 MP: 17/32
 28593 | Lair:7   | Noticed an eight-headed hydra
 28598 | Lair:7   | Killed an eight-headed hydra
 29817 | Lair:8   | Entered Level 8 of the Lair of Beasts
 29827 | Lair:8   | Received a gift from Sif Muna
 30430 | Lair:7   | Reached skill level 10 in Summonings
 31330 | Lair:8   | Identified Sif Muna's Incunabulum of Confrontation (Sif Muna gifted it to you on level 8 of the Lair of Beasts)
 31535 | Lair:8   | Received a gift from Sif Muna
 31536 | Lair:8   | Identified Sif Muna's Papyrus of Flamy Arcane Weapons (Sif Muna gifted it to you on level 8 of the Lair of Beasts)
 32285 | Lair:8   | Noticed Nergalle
 32300 | Lair:8   | Killed Nergalle
 32719 | Lair:8   | Reached skill level 13 in Spellcasting
 32734 | Lair:8   | Gained mutation: You have a pair of large antennae on your head (SInv). [demonic ancestry]
 32734 | Lair:8   | Reached XP level 14. HP: 71/85 MP: 1/34
 33056 | Lair:8   | Found a staircase to the Slime Pits.
 33140 | Lair:8   | Found a blossoming altar of Fedhas.
 34653 | D:10     | Noticed Sonja
 34653 | D:10     | Killed Sonja
 34656 | D:10     | Noticed a hill giant
 34661 | D:10     | Killed a hill giant
 34843 | D:10     | Got a slimy spear
 34890 | D:11     | Noticed Maurice
 34893 | D:11     | Killed Maurice
 35214 | D:11     | Found a staircase to the Orcish Mines.
 35505 | D:11     | Identified the +5,+11 spear "Uqekk" {slay drac, Dex+3} (You found it on level 10 of the Dungeon)
 36108 | Orc:1    | Entered Level 1 of the Orcish Mines
 36276 | Orc:1    | Received a gift from Sif Muna
 36534 | Orc:1    | Identified Choan's Almanac of Creation (Sif Muna gifted it to you on level 1 of the Orcish Mines)
 36571 | Orc:1    | Learned a level 7 spell: Delayed Fireball
 37371 | Orc:2    | Found Osudghuz's Gadget Shoppe.
 37372 | Orc:2    | Noticed Eustachio
 37379 | Orc:2    | Killed Eustachio
 37536 | Orc:2    | Upgraded the game from 0.15-a0-1387-gd422dff to 0.15-a0-1403-g2cecdf4
 37573 | Orc:3    | Noticed an orc warlord
 37607 | Orc:3    | Noticed Donald
 37641 | Orc:3    | Killed Donald
 38771 | Orc:3    | Killed an orc warlord
 39254 | Orc:3    | Found a burning altar of Makhleb.
 39279 | Orc:3    | Found a staircase to the Elven Halls.
 39470 | Orc:3    | Noticed Grum
 39478 | Orc:3    | Killed Grum
 41002 | Orc:4    | Entered Level 4 of the Orcish Mines
 41004 | Orc:4    | Noticed an orc warlord
 41004 | Orc:4    | Found Skauhua's Book Shoppe.
 41505 | Orc:4    | Killed an orc warlord
 41875 | Orc:4    | Received a gift from Sif Muna
 41876 | Orc:4    | Identified Fonudyh's Catalogue of Creation (Sif Muna gifted it to you on level 4 of the Orcish Mines)
 42215 | Orc:4    | Found Worgh's General Store.
 42348 | Orc:4    | Reached skill level 14 in Spellcasting
 42567 | Orc:4    | Found Skaiff's Antique Weapon Boutique.
 42694 | Orc:4    | Found Cavyamak's Antique Armour Shop.
 42818 | Orc:4    | Bought a +2 robe of the Archmagi for 377 gold pieces
 43281 | Orc:4    | Learned a level 4 spell: Sticky Flame
 43590 | D:12     | Noticed Harold
 43598 | D:12     | Killed Harold
 43966 | D:12     | Reached XP level 15. HP: 87/90 MP: 36/36
 44157 | D:12     | Noticed a frost giant
 44166 | D:12     | Killed a frost giant
 46594 | D:13     | Found a radiant altar of Vehumet.
 46725 | D:13     | Found Jyataob's Distillery.
 46731 | D:13     | Bought a potion of heal wounds for 45 gold pieces
 46731 | D:13     | Bought a potion of heal wounds for 45 gold pieces
 46731 | D:13     | Bought a potion of curing for 30 gold pieces
 46842 | D:14     | Received a gift from Sif Muna
 46994 | D:14     | Got an encrusted cutlass
 47124 | D:14     | Found Grum's Magic Scroll Boutique.
 47132 | D:14     | Bought a scroll of identify for 34 gold pieces
 47133 | D:14     | Identified the cursed -2,+3 cutlass "Ghoec" {flame, rF++} (You found it on level 14 of the Dungeon)
 47748 | D:14     | Found a gate to the Vaults.
 48061 | D:14     | Noticed Rupert
 48072 | D:14     | Killed Rupert
 48072 | D:14     | Reached skill level 1 in Evocations
 48482 | D:15     | Entered Level 15 of the Dungeon
 49014 | D:15     | Reached skill level 15 in Spellcasting
 49120 | D:15     | Found a staircase to the Depths.
 50189 | Depths:1 | Entered Level 1 of the Depths
 50203 | D:15     | Gained mutation: You are powered by pain. [demonic ancestry]
 50203 | D:15     | Reached XP level 16. HP: 96/96 MP: 2/37
 50591 | D:15     | Reached skill level 5 in Evocations
 50962 | Depths:1 | Received a gift from Sif Muna
 51082 | Depths:1 | Identified Sif Muna's Collected Works on Blistering Confrontation (Sif Muna gifted it to you on level 1 of the Depths)
 51513 | Depths:1 | Found a gateway to Hell.
 51566 | Depths:1 | Reached skill level 1 in Fighting
 51627 | Depths:1 | Found a gateway to a ziggurat.
 51771 | Depths:1 | Found a one-way gate leading to the halls of Pandemonium.
 51838 | D:15     | HP: 2/101 [raven[a tengu warrior] (4)]
 52315 | Depths:1 | Reached skill level 15 in Summonings
 54043 | Depths:2 | Slain by a deep troll

Action                   |  1- 3 |  4- 6 |  7- 9 | 10-12 | 13-15 | 16-18 || total
-------------------------+-------+-------+-------+-------+-------+-------++-------
Melee: Unarmed           |    20 |       |       |       |       |       ||    20
       Short sword       |    18 |    36 |       |       |       |       ||    54
       Quarterstaff      |       |     2 |   186 |   424 |   101 |       ||   713
       Staff             |       |       |       |    31 |    51 |     1 ||    83
Throw: Stone             |       |       |    19 |    39 |       |       ||    58
       Tomahawk          |       |       |       |     9 |       |       ||     9
 Cast: Magic Dart        |   107 |   130 |   367 |   769 |  1113 |    22 ||  2508
       Call Imp          |    11 |    44 |    83 |    74 |    30 |       ||   242
       Mephitic Cloud    |       |     2 |    53 |    79 |    36 |       ||   170
       Blink             |       |     2 |    21 |    38 |    29 |     6 ||    96
       Conjure Flame     |       |       |     5 |    29 |     8 |       ||    42
       Repel Missiles    |       |       |     1 |     1 |       |       ||     2
       Bolt of Fire      |       |       |       |    83 |   317 |    79 ||   479
       Shadow Creatures  |       |       |       |    16 |    42 |     8 ||    66
       Fireball          |       |       |       |    12 |    78 |    18 ||   108
       Cure Poison       |       |       |       |       |     3 |     1 ||     4
       Sticky Flame      |       |       |       |       |    50 |    11 ||    61
       Delayed Fireball  |       |       |       |       |     3 |     3 ||     6
Invok: Channel Energy    |       |       |       |       |     3 |       ||     3
       Forget Spell      |       |       |       |       |     1 |       ||     1
 Abil: Release Delayed F |       |       |       |       |     2 |     3 ||     5
       Evoke Teleport Co |       |       |       |       |       |     2 ||     2
Evoke: Wand              |       |       |       |     7 |     5 |     1 ||    13
  Use: Scroll            |     5 |     1 |     7 |    22 |    20 |     7 ||    62
       Potion            |       |       |     1 |     7 |     7 |     4 ||    19
 Stab: Confused          |       |       |     2 |     4 |       |       ||     6
       Distracted        |       |       |     1 |       |       |       ||     1
       Sleeping          |       |       |       |     1 |       |       ||     1
